 Dungeon Sprint DCSS version 0.20.0-15-g7f486f2 (webtiles) character file.

508 galech the Protected (level 6, -3/62 HPs)
             Began as a Deep Dwarf Fighter on June 30, 2017.
             Was an Elder of Makhleb.
             Slain by an ogre
             ... wielding a +0 giant club
              (7 damage)
             ... in the Dungeon (Sprint VII: "The Pits").
             The game lasted 00:02:15 (403 turns).

galech the Protected (Deep Dwarf Fighter)            Turns: 403, Time: 00:02:15

Health: -3/62      AC: 14    Str: 21    XL:     6   Next: 98%
Magic:  6/6        EV:  8    Int:  9    God:    Makhleb [****..]
Gold:   0          SH: 10    Dex: 12    Spells: 5/5 levels left

rFire    . . .     SeeInvis .   a - +0 war axe
rCold    . . .     Gourm    .   c - +0 shield
rNeg     . . .     Faith    .   s - +3 chain mail
rPois    .         Spirit   .   (no helmet)
rElec    .         Reflect  .   (no cloak)
rCorr    .         Harm     .   (no gloves)
MR       .....     NoTele   +   (no boots)
Stlth    ..........             (no amulet)
Regen    0.0/turn               (no ring)
MPRegen  0.1/turn               (no ring)

@: non-regenerating
A: damage resistance, heal wounds, sense surroundings 1, no regeneration
a: Heal Wounds, Minor Destruction, Lesser Servant of Makhleb, Major Destruction,
Renounce Religion


You were in the Dungeon.
You worshipped Makhleb.
Makhleb was greatly pleased with you.
You were not hungry.

You visited 1 branch

Inventory:

Hand Weapons
 a - a +0 war axe (weapon)
Armour
 b - a +0 scale mail
 c - a +0 shield (worn)
 s - a +3 chain mail (worn)
Scrolls
 k - a scroll of blinking
 m - 3 scrolls of remove curse
 n - 5 scrolls of amnesia
 o - a scroll of summoning
Potions
 d - a potion of might
 e - 6 potions of curing
 g - 6 potions of heal wounds
 h - a potion of haste
 i - 4 potions of magic
 j - 3 potions of berserk rage
 l - 2 potions of invisibility
Comestibles
 f - 4 bread rations
 p - 40 fruits
 q - 7 meat rations
 r - a chunk of flesh


   Skills:
 + Level 6.1 Fighting
 + Level 8.5 Axes
 + Level 10.8 Armour
 + Level 3.4 Dodging
 + Level 6.7 Shields


You had 5 spell levels left.
You didn't know any spells.

Dungeon Overview and Level Annotations

Branches:
Dungeon (1/1)

Altars:
Ashenzari
Cheibriados
Dithmenos
Elyvilon
Fedhas
Gozag
Hepliaklqana
Kikubaaqudgha
Makhleb
Nemelex Xobeh
Okawaru
Qazlal
Ru
Sif Muna
Trog
Uskayaw
Vehumet
Xom
Yredelemnul
Zin
The Shining One
Beogh
Jiyva
Lugonu


Innate Abilities, Weirdness & Mutations

You are resistant to damage.
You can heal yourself by infusing magical energy.
You passively map a small area around you.
You do not regenerate.


Message History

You block the ogre's attack.
You hit the ogre.
The ogre is moderately wounded.
You block the ogre's attack.
You closely miss the ogre.
The ogre is moderately wounded.
The ogre hits you with a giant club!
* * * LOW HITPOINT WARNING * * *
You hit the ogre.
The ogre is heavily wounded.
You block the ogre's attack.
You hit the ogre.
The ogre is heavily wounded.
The ogre hits you but does no damage.
You hit the ogre but do no damage.
The ogre is heavily wounded.
You slash the ogre!
The ogre is severely wounded.
The ogre hits you with a giant club!
You die...

#_________.#*
#__.____...#######
##########'##.....
#.?(.')))'.##.....
##########.##.....
#..........)'.....
#'#####'#####.....
#.#..#.)#.(##.....
#@#..'..').#####'#
#O##'####(###.....
#g#.....)..##.....
#g#........##.....
#†#####'#####...<.
#.#...)))..##.....
#.#...)))[.##.....
#'###########.....
#....g..#, ######


You could see an ogre and 2 gnolls.

Vanquished Creatures
  A hungry ghost (D)
  A porcupine (D)
  A sky beast (D)
  A necrophage (D)
  A gnoll sergeant (D)
  A gnoll (D)
  A river rat (D)
  An ooze (D)
  A leopard gecko (D)
  An orc (D)
  A goblin (D)
  A bat (D)
  A frilled lizard (D)
  2 kobolds (D)
  A rat (D)
16 creatures vanquished.

Notes
Turn   | Place    | Note
-------+----------+-------------------------------------------
     0 | D        | galech the Deep Dwarf Fighter began the quest for the Orb.
     0 | D        | Reached XP level 1. HP: 20/20 MP: 1/1
    19 | D        | Found a bloodstained altar of Trog.
    19 | D        | Found a deep blue altar of Sif Muna.
    19 | D        | Found a viscous altar of Jiyva.
    19 | D        | Found a hazy altar of Hepliaklqana.
    19 | D        | Found an opulent altar of Gozag.
    20 | D        | Found a glowing golden altar of the Shining One.
    20 | D        | Found a glowing silver altar of Zin.
    20 | D        | Found a basalt altar of Yredelemnul.
    20 | D        | Found a shimmering altar of Xom.
    20 | D        | Found a sacrificial altar of Ru.
    20 | D        | Found a stormy altar of Qazlal.
    20 | D        | Found an iron altar of Okawaru.
    20 | D        | Found a sparkling altar of Nemelex Xobeh.
    20 | D        | Found a burning altar of Makhleb.
    20 | D        | Found a blossoming altar of Fedhas.
    20 | D        | Found a white marble altar of Elyvilon.
    20 | D        | Found a shadowy altar of Dithmenos.
    20 | D        | Found a snail-covered altar of Cheibriados.
    21 | D        | Found a radiant altar of Vehumet.
    21 | D        | Found a corrupted altar of Lugonu.
    21 | D        | Found a roughly hewn altar of Beogh.
    22 | D        | Found a hide-covered altar of Uskayaw.
    22 | D        | Found an ancient bone altar of Kikubaaqudgha.
    22 | D        | Found a shattered altar of Ashenzari.
    28 | D        | Became a worshipper of Makhleb the Destroyer
    78 | D        | Reached * piety under Makhleb
    86 | D        | Noticed a hungry ghost
    88 | D        | Reached skill level 4 in Armour
    88 | D        | Reached XP level 2. HP: 28/28 MP: 2/2
    93 | D        | Reached ** piety under Makhleb
   153 | D        | Killed a hungry ghost
   153 | D        | Reached skill level 5 in Axes
   153 | D        | Reached skill level 8 in Armour
   153 | D        | Reached skill level 5 in Shields
   153 | D        | Reached XP level 3. HP: 34/37 MP: 3/3
   153 | D        | Reached XP level 4. HP: 41/45 MP: 4/4
   153 | D        | Reached XP level 5. HP: 47/51 MP: 5/5
   344 | D        | Noticed an ogre
   345 | D        | Noticed a porcupine
   345 | D        | Noticed a necrophage
   345 | D        | Noticed a sky beast
   359 | D        | Killed a porcupine
   359 | D        | Reached *** piety under Makhleb
   359 | D        | Reached skill level 5 in Fighting
   359 | D        | Reached skill level 9 in Armour
   367 | D        | Reached XP level 6. HP: 22/61 MP: 6/6
   370 | D        | Reached skill level 10 in Armour
   377 | D        | Reached **** piety under Makhleb
   396 | D        | Killed a sky beast
   403 | D        | Slain by an ogre

Skill      XL: |  1  2  3  4  5  6 |
---------------+-------------------+-----
Fighting       | 3 4 5 6 |  6.1
Armour         | 4 8 9 10 | 10.8
Shields        | 4 5 6 |  6.7
Axes           | 5 7 8 |  8.5
Dodging        | 2 3 |  3.4

Action                   |  1- 3 |  4- 6 || total
-------------------------+-------+-------++-------
Melee: War axe           |    72 |    49 ||   121
  Eat: Bread ration      |     3 |     1 ||     4
       Chunk             |     3 |       ||     3
Armor: Scale mail        |    39 |       ||    39
       Chain mail        |       |    21 ||    21
Dodge: Dodged            |    22 |     7 ||    29
Block: Shield            |    29 |    24 ||    53
